Map: Frozen Temple

Players

Andrew - Winner!

  • Race: Zerg Zerg
  • League: Grandmaster

Miszu

  • Race: Terran Terran
  • League: Grandmaster

VOD

Have the link to the VOD?

Description

Time

  • Played on: May 17, 2016, 11:53 a.m.
  • Length: 42:30
Show
View Real Time Build Order
Export as new Build Order

Andrew Zerg - Winner!

Build Orders: Hatch First, Muta Ling Bane 

Get SALT Encoding   

  12  0:00  Drone  
  13  0:12  Overlord  
  13  0:17  Drone  
  14  0:31  Drone x2  
  14  0:34  Drone  
  17  0:45  Drone  
  18  0:56  Hatchery  
  17  0:57  Drone  
  17  0:59  Extractor  
  17  1:12  Spawning Pool  
  17  1:15  Drone  
  17  1:19  Drone  
  18  1:28  Drone  
  19  1:38  Overlord  
  19  1:59  Queen  
  19  2:00  Zergling x2  
  22  2:02  Metabolic Boost, Zergling x2  
  22  2:07  Queen  
  22  2:08  Zergling x2  
  26  2:13  Drone  
  27  2:20  Drone  
  29  2:22  Drone  
  28  2:33  Drone x2  
  30  2:41  Hatchery  
  29  2:47  Queen  
  31  2:51  Overlord  
  31  2:55  Drone  
  31  2:57  Drone  
  33  3:03  Drone x2  
  35  3:08  Drone  
  35  3:10  Overlord  
  36  3:14  Drone x2  
  38  3:29  Drone  
  38  3:35  Drone  
  38  3:36  Queen  
  38  3:39  Drone  
  38  3:40  Drone x4  
  46  3:42  Extractor  
  46  3:44  Zergling x2  
  46  3:45  Zergling x4  
  48  3:55  Overlord  
  48  3:58  Spore Crawler x2  
  48  4:02  Baneling Nest  
  45  4:05  Drone  
  45  4:06  Drone  
  45  4:07  Drone x2  
  45  4:08  Spore Crawler  
  45  4:09  Drone  
  49  4:14  Overlord  
  49  4:21  Drone  
  50  4:26  Queen  
  52  4:32  Drone  
  52  4:33  Lair  
  52  4:37  Extractor, Drone x3  
  55  4:41  Overlord  
  54  4:52  Drone  
  55  4:53  Drone x6  
  55  4:57  Extractor  
  60  5:00  Overlord  
  60  5:06  Zergling x10  
  62  5:16  Drone x4  
  64  5:27  Drone  
  65  5:30  Drone  
  65  5:33  Spire  
  65  5:34  Centrifical Hooks  
  65  5:38  Drone  
  65  5:39  Drone x5  
  71  5:48  Drone  
  71  5:49  Drone x5  
  77  5:50  Drone  
  78  5:59  Drone  
  79  6:14  Zergling x18  
  79  6:16  Baneling x4  
  79  6:17  Baneling x5  
  75  6:43  Drone  
  75  6:44  Drone x7  
  82  6:55  Overlord  
  82  6:56  Overlord x3  
  82  7:03  Overlord x2  
  82  7:09  Hatchery  
  82  7:11  Zerg Flyer Weapons Level 1  
  82  7:13  Queen  
  82  7:14  Mutalisk  
  82  7:15  Mutalisk x2  
  89  7:19  Mutalisk x3  
  95  7:27  Extractor x2, Mutalisk x2  
  95  7:28  Mutalisk  
  95  7:29  Drone  
  101  7:30  Drone  
  101  7:40  Overlord  
  101  7:45  Zergling x2  
  101  7:46  Zergling x8  
  101  7:50  Queen  
  108  7:57  Queen  
  108  7:58  Overlord x3  
  110  8:05  Drone  
  110  8:06  Infestation Pit, Drone  
  110  8:07  Drone, Evolution Chamber  
  110  8:08  Drone x4, Evolution Chamber  
  114  8:17  Drone x3  
  117  8:30  Corruptor x5  
  126  8:46  Zerg Missile Weapons Level 1, Zerg Ground Armor Level 1  
  126  8:48  Hydralisk Den  
  126  8:51  Spore Crawler  
  126  8:54  Queen x2, Spore Crawler  
  126  8:55  Queen  
  129  8:56  Spore Crawler  
  104  9:21  Corruptor x8  
  104  9:23  Drone  
  104  9:24  Drone  
  119  9:32  Overseer  
  119  9:34  Drone x2  
  119  9:35  Drone x7  
  127  9:40  Hydralisk  
  127  9:41  Hydralisk x2  
  133  9:59  Hydralisk  
  133  10:00  Hydralisk x6  
  133  10:04  Overlord  
  133  10:05  Drone  
  147  10:08  Extractor  
  147  10:09  Extractor  
  140  10:22  Drone  
  140  10:23  Queen  
  140  10:25  Roach Warren  
  142  10:44  Hydralisk  
  142  10:45  Hydralisk x12, Hatchery  
  167  10:51  Overlord x2  
  167  10:55  Hive  
  167  10:56  Zerg Missile Weapons Level 2  
  167  10:58  Muscular Augments  
  167  11:06  Drone  
  167  11:10  Drone x3  
  167  11:11  Drone x2  
  173  11:15  Zerg Ground Armor Level 2, Spore Crawler  
  173  11:17  Spore Crawler x2  
  170  11:32  Zerg Flyer Weapons Level 2  
  170  11:36  Spore Crawler  
  170  11:37  Spore Crawler  
  168  11:41  Hydralisk  
  168  11:42  Hydralisk x7  
  184  12:00  Overseer  
  184  12:07  Viper x2  
  190  12:10  Overlord x2  
  190  12:11  Overlord  
  190  12:16  Overlord x2  
  190  12:27  Overlord  
  189  12:32  Viper x3  
  191  12:48  Spore Crawler x2  
  191  12:49  Spore Crawler  
  171  12:56  Hydralisk x7  
  171  12:57  Hydralisk x6  
  165  12:59  Pneumatized Carapace  
  165  13:01  Overseer  
  160  13:10  Drone x3  
  160  13:11  Drone x3  
  155  13:19  Hydralisk x4  
  157  13:25  Hatchery  
  156  13:29  Spore Crawler  
  155  13:53  Hatchery  
  154  13:56  Hydralisk x4  
  154  13:57  Hydralisk x5  
  172  14:07  Hydralisk x3  
  154  14:16  Drone x4  
  156  14:34  Hydralisk  
  156  14:35  Hydralisk x7  
  170  14:52  Drone x2  
  172  14:53  Zerg Missile Weapons Level 3, Zerg Ground Armor Level 3  
  172  15:12  Hatchery  
  123  15:30  Viper x4  
  123  15:33  Drone  
  123  15:34  Drone x10  
  146  15:51  Viper  
  146  15:52  Hydralisk, Spore Crawler  
  146  15:53  Hydralisk  
  146  15:54  Spore Crawler  
  151  15:57  Spore Crawler  
  151  15:58  Spore Crawler  
  151  16:02  Spore Crawler  
  151  16:03  Spore Crawler  
  147  16:09  Hydralisk  
  147  16:10  Hydralisk x2  
  153  16:18  Spore Crawler x2  
  152  16:19  Spore Crawler  
  150  16:32  Hydralisk x9  
  154  16:52  Hydralisk x9  
  156  17:05  Hydralisk  
  156  17:06  Hydralisk x4, Spore Crawler  
  145  17:31  Viper x2  
  145  17:35  Roach x9  
  145  17:36  Roach x6  
  171  17:59  Drone  
  171  18:00  Drone x2  
  171  18:05  Hatchery  
  173  18:06  Extractor  
  173  18:07  Extractor  
  171  18:20  Drone, Spine Crawler x2  
  171  18:23  Hydralisk, Spine Crawler  
  171  18:24  Hydralisk x7  
  171  18:25  Spore Crawler  
  171  18:26  Spore Crawler  
  183  18:27  Spore Crawler x2  
  146  18:57  Viper x2  
  146  18:58  Viper x3  
  146  19:02  Drone x3  
  164  19:03  Drone x2  
  164  19:04  Drone x2  
  164  19:05  Drone x3  
  171  19:19  Spore Crawler  
  171  19:20  Spore Crawler  
  171  19:21  Zerg Melee Weapons Level 1  
  169  19:44  Spine Crawler  
  168  19:46  Overseer x3  
  156  19:56  Hydralisk  
  156  19:57  Hydralisk x15  
  178  20:08  Hydralisk  
  178  20:09  Hydralisk x3  
  181  20:30  Overlord x2, Overseer x2  
  181  20:44  Overlord  
  181  20:47  Queen  
  183  20:50  Overlord x2  
  183  20:53  Extractor  
  183  20:56  Queen  
  184  20:57  Extractor  
  184  20:59  Overlord, Hatchery  
  182  21:15  Spore Crawler x2  
  182  21:17  Spore Crawler  
  179  21:23  Queen  
  170  21:38  Hydralisk x6  
  170  21:39  Hydralisk x9  
  176  22:01  Hydralisk  
  176  22:02  Hydralisk x7  
  133  22:15  Zergling x2  
  133  22:16  Zergling x16  
  137  22:35  Drone  
  137  22:36  Drone x8  
  146  22:41  Overseer  
  146  22:42  Overseer  
  146  22:43  Hydralisk  
  143  23:03  Viper  
  128  23:15  Drone x2  
  128  23:16  Drone x10  
  128  23:17  Drone  
  128  23:19  Spine Crawler  
  136  23:20  Spore Crawler, Spine Crawler  
  136  23:22  Spine Crawler  
  136  23:23  Spore Crawler, Drone x2  
  136  23:24  Spore Crawler, Drone, Spine Crawler  
  127  23:38  Viper  
  130  23:52  Drone x3  
  133  23:59  Drone x4  
  133  24:00  Drone  
  138  24:11  Overlord  
  138  24:16  Drone, Spore Crawler  
  138  24:17  Extractor, Spore Crawler  
  138  24:18  Hydralisk x2  
  129  24:32  Hydralisk  
  129  24:33  Hydralisk x3  
  119  24:52  Hydralisk  
  119  24:53  Hydralisk x3  
  119  25:15  Zergling x2  
  119  25:16  Zergling x2  
  119  25:19  Hatchery  
  120  25:22  Drone x2  
  122  25:34  Hydralisk  
  122  25:35  Hydralisk x4  
  111  26:04  Drone x2  
  111  26:05  Drone x6  
  111  26:10  Spine Crawler x2  
  111  26:11  Spine Crawler  
  116  26:17  Overlord  
  115  26:27  Hydralisk  
  115  26:28  Hydralisk x3  
  95  27:10  Drone x4  
  95  27:11  Drone x6  
  95  27:13  Drone x3  
  95  27:14  Drone x4  
  107  27:23  Drone  
  107  27:24  Drone x2  
  108  27:42  Queen  
  110  27:51  Hydralisk x3  
  110  27:56  Zergling x2  
  108  28:33  Hatchery  
  106  28:44  Hydralisk  
  106  28:45  Hydralisk x8  
  123  28:59  Hydralisk x2  
  127  29:28  Hydralisk  
  127  29:29  Hydralisk x5  
  134  29:37  Drone x3  
  126  29:49  Drone  
  127  30:02  Drone x2  
  127  30:03  Drone x7  
  135  30:29  Hydralisk x6  
  147  30:42  Drone  
  146  30:43  Drone x7  
  149  30:54  Drone  
  149  30:55  Drone x5  
  151  31:06  Spine Crawler  
  151  31:07  Spine Crawler  
  151  31:09  Spine Crawler  
  148  31:13  Spore Crawler  
  147  31:18  Zergling x2  
  147  31:19  Zergling x8  
  79  31:40  Hydralisk  
  79  31:41  Hydralisk x5  
  53  31:59  Hydralisk  
  53  32:00  Hydralisk x4  
  54  32:19  Hydralisk x2  
  54  32:20  Hydralisk  
  60  32:24  Roach  
  60  32:25  Roach  
  64  32:40  Roach x3  
  69  32:59  Roach x5  
  69  33:03  Overseer  
  79  33:13  Glial Reconstitution  
  79  33:32  Hatchery  
  78  33:39  Roach x4  
  78  33:41  Roach  
  84  33:53  Zergling x2  
  84  33:54  Zergling x6  
  88  34:13  Hydralisk x2  
  88  34:14  Hydralisk  
  93  34:27  Overseer  
  91  34:36  Roach x4  
  98  34:46  Drone  
  98  34:47  Drone x3  
  96  35:09  Roach  
  96  35:10  Roach x2  
  100  35:19  Spine Crawler  
  97  35:28  Drone x3  
  100  35:36  Spine Crawler  
  100  35:41  Burrow  
  99  35:43  Hydralisk  
  99  35:44  Hydralisk  
  87  35:58  Hydralisk x3  
  82  36:15  Hydralisk  
  82  36:16  Hydralisk x3  
  83  36:42  Spore Crawler  
  72  36:57  Overseer x3  
  71  37:01  Drone x3  
  71  37:02  Drone x2  
  75  37:26  Hatchery  
  74  37:54  Drone  
  74  37:55  Drone x4  
  74  37:56  Spore Crawler, Spine Crawler x2  
  76  37:59  Spine Crawler  
  75  38:06  Drone x20  
  71  38:23  Viper  
  71  38:24  Viper  
  77  38:51  Spore Crawler, Spine Crawler  
  75  38:58  Hydralisk x5  
  85  39:20  Overseer  
  85  39:22  Hydralisk x3  
  89  40:24  Zergling x2  
  89  40:26  Hatchery  
  89  40:29  Queen  
  91  40:35  Extractor, Drone  
  91  40:36  Drone x3  
  91  40:41  Extractor  
  91  40:42  Extractor  
  92  40:50  Queen  
  94  41:17  Corruptor  
  96  41:30  Drone x3  
  96  41:31  Drone x3  
  96  41:32  Drone x2  
  104  41:46  Drone x3  
  107  41:55  Hydralisk  
Show
View Real Time Build Order
Export as new Build Order

Miszu Terran 

Build Orders: Reaper Expand, Hellion Banshee 

Get SALT Encoding   

  12  0:00  SCV  
  13  0:13  SCV  
  14  0:17  Supply Depot  
  14  0:25  SCV  
  15  0:39  SCV  
  15  0:40  Barracks  
  16  0:46  Refinery  
  16  0:51  SCV  
  17  1:03  SCV  
  18  1:15  SCV  
  19  1:27  Orbital Command  
  19  1:29  Reaper  
  20  1:44  Command Center  
  20  1:53  SCV  
  21  1:55  Supply Depot  
  21  2:01  Marine  
  21  2:06  SCV  
  23  2:09  Factory  
  23  2:13  Refinery  
  23  2:18  SCV  
  24  2:23  Barracks Reactor  
  24  2:30  SCV  
  25  2:42  SCV  
  26  2:54  Starport, SCV  
  26  2:56  Orbital Command  
  27  3:04  Hellion x2  
  31  3:05  Barracks Tech Lab  
  31  3:06  SCV  
  31  3:12  Supply Depot  
  32  3:18  SCV  
  33  3:24  SCV  
  33  3:26  Hellion x2  
  38  3:30  SCV  
  37  3:36  Barracks Reactor, SCV  
  37  3:38  Banshee  
  41  3:43  SCV  
  42  3:48  SCV  
  42  3:55  SCV  
  44  3:56  Command Center  
  44  4:01  SCV  
  45  4:07  Hellion x2  
  45  4:08  SCV  
  50  4:11  Refinery x2  
  50  4:13  SCV  
  50  4:15  Supply Depot  
  51  4:21  SCV  
  52  4:25  SCV, Armory  
  53  4:33  SCV  
  53  4:37  SCV  
  55  4:39  Liberator  
  55  4:45  SCV  
  60  4:49  SCV  
  60  4:51  Liberator  
  61  4:56  Supply Depot  
  61  4:58  SCV  
  61  5:01  Supply Depot  
  61  5:08  Orbital Command  
  61  5:09  SCV  
  61  5:10  SCV  
  61  5:12  Hellion x2  
  70  5:20  Terran Ship Weapons Level 1  
  70  5:22  Liberator  
  70  5:27  SCV  
  70  5:28  SCV  
  69  5:33  Hellion x2, Liberator  
  73  5:39  Starport  
  73  5:40  Starport  
  76  5:56  SCV x2  
  81  5:57  SCV  
  81  5:58  Supply Depot  
  82  6:08  SCV  
  83  6:12  Refinery  
  83  6:13  Refinery, Fusion Core  
  83  6:14  SCV  
  83  6:15  SCV  
  85  6:23  Starport Tech Lab, Liberator x2, Banshee  
  83  6:35  Hellion x2  
  79  6:49  Supply Depot  
  79  6:50  Supply Depot  
  79  6:51  Banshee  
  79  6:54  Supply Depot  
  82  6:57  Orbital Command  
  82  7:03  Hellion x2, SCV  
  82  7:04  SCV  
  88  7:09  Banshee  
  88  7:13  Engineering Bay, Liberator x2  
  91  7:15  SCV  
  91  7:16  SCV  
  91  7:21  Terran Ship Weapons Level 2  
  91  7:22  SCV  
  94  7:28  SCV x2  
  96  7:32  Hellion x2  
  96  7:34  SCV  
  107  7:38  Banshee  
  107  7:39  Supply Depot x2  
  107  7:40  Supply Depot, SCV x2  
  112  7:46  SCV  
  112  7:48  Hyperflight Rotors  
  113  7:52  SCV x2  
  113  7:55  Missile Turret  
  113  7:57  Missile Turret  
  113  7:58  SCV  
  116  7:59  Missile Turret  
  116  8:00  Banshee  
  116  8:03  Supply Depot, Liberator  
  116  8:04  Supply Depot, SCV x2  
  121  8:05  Supply Depot  
  125  8:14  SCV  
  125  8:16  SCV  
  127  8:20  Command Center  
  127  8:22  Missile Turret  
  127  8:23  Liberator  
  127  8:26  Starport  
  125  8:27  Starport  
  125  8:33  Supply Depot  
  125  8:40  Banshee  
  130  8:50  Banshee  
  130  8:52  Cloaking Field  
  133  9:01  Hellion  
  133  9:02  Hellion  
  137  9:03  Starport Tech Lab x2  
  137  9:04  Liberator  
  137  9:05  Liberator  
  137  9:06  Liberator  
  131  9:22  Banshee  
  140  9:27  Hellion x2  
  140  9:28  Command Center  
  140  9:30  Command Center  
  144  9:36  Banshee x2  
  150  9:47  Liberator  
  150  9:48  Liberator  
  148  9:52  Refinery  
  148  9:53  Missile Turret  
  148  9:54  Missile Turret  
  149  10:00  Hellion x2  
  154  10:07  Liberator x2  
  152  10:17  Refinery  
  152  10:18  Refinery  
  152  10:20  Planetary Fortress  
  156  10:21  Hellion x2  
  156  10:28  Factory  
  162  10:29  Missile Turret  
  162  10:34  SCV  
  162  10:35  SCV x2  
  165  10:39  Terran Ship Weapons Level 3  
  165  10:43  Orbital Command  
  165  10:46  SCV  
  165  10:47  SCV  
  167  10:50  SCV  
  167  10:54  Armory  
  168  10:59  SCV x2  
  168  11:01  Hellion x2  
  168  11:02  Refinery  
  174  11:05  Building Armor  
  174  11:06  Refinery  
  174  11:08  Missile Turret  
  174  11:10  Liberator x3  
  174  11:11  Liberator  
  174  11:12  Planetary Fortress  
  174  11:17  Factory Tech Lab  
  186  11:35  Missile Turret  
  186  11:40  Hellion x2  
  186  11:41  Hellion  
  186  11:42  Infernal Pre-Igniter  
  186  11:45  Advanced Ballistics  
  192  11:48  Liberator  
  192  11:49  Liberator  
  192  11:52  Terran Vehicle And Ship Armor Level 1  
  198  12:28  Command Center  
  198  12:30  Command Center  
  198  12:32  Command Center  
  178  12:56  Viking  
  178  12:57  Viking x5  
  171  13:07  Hellion x3  
  177  13:26  Viking  
  176  13:28  Hellion x2  
  176  13:29  Hellion  
  176  13:31  Terran Vehicle Weapons Level 1  
  182  13:46  Orbital Command x2  
  182  13:50  Hellion x3  
  177  13:56  Liberator x5  
  177  13:57  Liberator  
  159  14:11  Hellion  
  175  14:24  Hellion x2  
  177  14:32  Hellion  
  177  14:33  Factory  
  177  14:34  Factory  
  177  14:35  Starport  
  179  14:39  Liberator  
  179  14:45  Command Center  
  181  14:46  Hellion x2  
  181  14:51  Refinery  
  181  14:52  Planetary Fortress  
  183  14:54  Hellion, Missile Turret  
  188  15:00  Missile Turret  
  188  15:02  Sensor Tower  
  188  15:05  Terran Vehicle And Ship Armor Level 2  
  190  15:07  Hellion  
  190  15:08  Hellion  
  188  15:15  Hellion  
  171  15:22  Refinery  
  171  15:27  Banshee  
  163  15:28  Hellion  
  163  15:29  Hellion  
  163  15:30  SCV x2  
  163  15:31  SCV  
  168  15:37  Refinery, Hellion  
  168  15:38  SCV x3  
  173  15:46  Banshee  
  173  15:48  Factory Tech Lab x2  
  178  15:50  Starport Reactor, Hellion x2  
  180  16:07  SCV x5  
  180  16:09  Hellion x2  
  191  16:11  Hellion  
  191  16:12  Hellion  
  191  16:14  Hellion  
  191  16:35  Hellion x4  
  187  16:52  Viking  
  187  16:53  Viking x5  
  197  16:57  Medivac  
  199  17:19  Missile Turret  
  199  17:20  Missile Turret  
  188  17:33  SCV  
  188  17:34  SCV x4  
  187  17:44  Hellion  
  187  17:45  Hellion x4  
  195  17:56  Command Center  
  175  18:06  Hellion x5  
  175  18:09  Banshee x4  
  194  18:23  Viking x3  
  165  18:49  Viking  
  165  18:51  Viking  
  165  18:53  Viking x2  
  165  18:54  Viking  
  139  18:56  Hellion x4  
  139  18:57  Hellion  
  139  18:59  Banshee x3  
  139  19:02  Liberator  
  155  19:06  Command Center, Liberator x2  
  155  19:17  Hellion x2  
  155  19:18  Hellion x3  
  155  19:21  Banshee  
  177  19:25  Orbital Command  
  177  19:39  Hellion x5  
  175  20:00  Hellion x3  
  175  20:01  Hellion x2  
  182  20:21  Hellion  
  182  20:22  Hellion x4  
  182  20:43  Hellion x4, Banshee x2  
  182  20:44  Hellion, Banshee  
  199  20:55  Command Center  
  199  21:08  Refinery  
  198  21:13  Refinery  
  198  21:14  Missile Turret  
  162  21:37  Terran Vehicle And Ship Armor Level 3, Terran Vehicle Weapons Level 2  
  162  21:38  Hellion  
  142  21:47  Hellion  
  142  21:52  Viking x4  
  142  21:53  Viking x2  
  154  21:54  Banshee  
  154  21:56  Hellion x2  
  118  22:09  Viking  
  96  22:17  Hellion  
  96  22:22  Viking  
  96  22:26  Hellion  
  96  22:27  Hellion x3  
  99  22:36  Banshee  
  102  22:43  Hellion  
  104  22:53  Hellion x3  
  116  23:01  Hellion  
  116  23:04  Liberator  
  116  23:11  Hellion  
  116  23:14  Hellion x3  
  111  23:20  Banshee x2  
  111  23:21  Banshee x2  
  124  23:33  Viking, Liberator  
  120  23:46  Liberator  
  120  23:50  Viking  
  125  23:57  Hellion  
  127  24:03  Banshee  
  107  24:44  Hellion x4  
  107  24:45  Hellion  
  106  24:52  SCV x2  
  100  25:05  Hellion  
  100  25:06  Hellion x2  
  106  25:14  Hellion  
  108  25:17  Planetary Fortress  
  108  25:21  Hellion  
  108  25:27  Hellion x2  
  103  25:45  Hellion  
  103  25:46  Hellion x2  
  103  25:48  Hellion  
  103  25:49  Hellion, Liberator  
  111  25:55  SCV  
  90  26:07  Hellion x3  
  90  26:09  Viking, Hellion  
  90  26:10  Hellion  
  102  26:16  Liberator  
  102  26:17  Liberator x3  
  102  26:28  Hellion  
  102  26:29  Hellion x2  
  102  26:31  Hellion x2  
  124  26:50  Hellion  
  112  26:56  Hellion  
  112  26:57  Hellion x3  
  107  27:11  Hellion  
  107  27:18  Hellion  
  109  27:33  Hellion  
  109  27:34  Hellion  
  103  27:42  Hellion  
  102  27:58  Hellion x13  
  99  28:11  Hellion  
  95  28:14  Hellion  
  95  28:15  Hellion  
  92  28:30  Orbital Command  
  86  28:44  Hellion  
  86  28:45  Hellion x2  
  85  28:59  Hellion  
  87  29:13  Hellion  
  87  29:14  Hellion x2  
  93  29:19  Hellion  
  93  29:21  Hellion  
  93  29:35  Hellion x3  
  94  29:40  Hellion  
  94  29:42  Hellion  
  95  29:56  Hellion  
  95  29:57  Hellion x2  
  101  30:02  Hellion  
  101  30:03  Hellion  
  105  30:18  Hellion x3  
  111  30:23  Hellion  
  110  30:37  Hellion  
  110  30:39  Hellion x3, Orbital Command  
  116  30:52  Hellion  
  115  30:58  Hellion  
  113  31:05  Hellion  
  115  31:22  Hellion x3  
  95  31:39  Hellion x2  
  61  31:43  Hellion  
  45  31:54  Hellion  
  45  31:55  Hellion x4  
  45  31:56  Hellion x5  
  45  32:00  Banshee  
  47  32:12  Hellion x2  
  49  32:26  Orbital Command  
  47  32:41  Hellion  
  49  33:07  Viking  
  49  33:09  Viking, Orbital Command  
  53  33:19  Hellion  
  55  33:26  Hellion  
  63  33:49  Banshee  
  63  33:50  Banshee  
  63  33:51  Banshee  
  66  34:03  Hellion  
  66  34:04  Hellion x2  
  72  34:26  Banshee  
  73  34:32  Banshee x2  
  73  34:35  Banshee  
  73  34:37  Hellion  
  73  34:38  Hellion  
  65  35:12  Banshee  
  66  35:16  Banshee, Orbital Command  
  29  36:24  Hellion  
  28  36:37  Orbital Command  
  13  37:08  Raven  
  15  37:10  Raven  
  15  37:12  Raven  
  15  37:15  Raven  
  21  37:50  Raven  
  23  37:53  Raven  
  23  37:55  Raven  
  23  37:58  Raven  
  24  38:33  Raven  
  26  38:35  Raven  
  26  38:38  Raven  
  30  38:52  Orbital Command  
Tags
 
Add a new tag
Caveats
  • Supply blocks, unpowered buildings, or Contaminate may cause inaccurate times.
  • Supply counts are checked every 10 seconds.